 Dungeon Crawl Stone Soup version 0.23-a0-636-g0ff6057 (webtiles) character file.

1975 Blackhawk the Skirmisher (level 9, 0/121 HPs)
             Began as a Minotaur Berserker on Dec 28, 2018.
             Was a High Priest of Trog.
             Slain by Harold
             ... wielding a +0 war axe
              (8 damage)
             ... on level 7 of the Dungeon.
             The game lasted 00:16:26 (7180 turns).

Blackhawk the Skirmisher (Minotaur Berserker)       Turns: 7180, Time: 00:16:26

Health: 0/121      AC: 10    Str: 29    XL:     9   Next: 0%
Magic:  8/8        EV: 12    Int:  4    God:    Trog [*****.]
Gold:   317        SH:  8    Dex: 13    Spells: 8/8 levels left

rFire    . . .     SeeInvis .   D - +2 long sword (freeze)
rCold    . . .     Gourm    .   j - +0 shield
rNeg     . . .     Faith    .   s - +0 chain mail
rPois    .         Spirit   .   (helmet restricted)
rElec    .         Reflect  .   u - scarf {repulsion}
rCorr    .         Harm     .   (no gloves)
MR       .....                  (no boots)
Stlth    ..........             i - amulet of magic regeneration
HPRegen  0.30/turn              l - +2 ring of dexterity
MPRegen  0.36/turn              C - +3 ring of evasion

@: berserking (expiring), marked, repel missiles, very quick
A: retaliatory headbutt, horns 2
a: Berserk, Trog's Hand, Brothers in Arms, Renounce Religion


You were on level 7 of the Dungeon.
You worshipped Trog.
Trog was extremely pleased with you.
You were hungry.

You visited 1 branch of the dungeon, and saw 7 of its levels.

You collected 377 gold pieces.
You spent 60 gold pieces at shops.

Inventory:

Hand Weapons
 a - a +0 hand axe
 b - a +0 hunting sling
 D - a +2 long sword of freezing (weapon)
Missiles
 n - 143 stones (quivered)
 I - a throwing net
Armour
 j - a +0 shield (worn)
 s - a +0 chain mail (worn)
 u - a scarf of repulsion (worn)
Jewellery
 i - an amulet of magic regeneration (around neck)
 l - a +2 ring of dexterity (left hand)
 C - a +3 ring of evasion (right hand)
Wands
 o - a wand of clouds (4)
 w - a wand of acid (5)
 y - a wand of scattershot (5)
Scrolls
 e - 6 scrolls of teleportation
 f - 2 scrolls of immolation
 g - 3 scrolls of fear
 h - 2 scrolls of blinking
 k - a scroll of enchant armour
 r - 3 scrolls of remove curse
 t - 4 scrolls of enchant weapon
 v - 4 scrolls of fog
 z - a scroll of magic mapping
 A - a scroll of amnesia {unknown}
Potions
 m - a potion of degeneration {unknown}
 q - 6 potions of heal wounds {unknown}
 x - a potion of agility {unknown}
 B - a potion of haste
 F - a potion of magic {unknown}
 G - a potion of might
 H - a potion of mutation {unknown}
Comestibles
 c - 14 rations


   Skills:
 + Level 7.9 Fighting
 + Level 7.9 Axes
 + Level 7.4 Armour
 + Level 6.7 Dodging


You had 8 spell levels left.
You didn't know any spells.
Your spell library was empty.

Dungeon Overview and Level Annotations

Branches:
Dungeon (7/15)             Temple (0/1) D:5

Altars:
Ashenzari
Dithmenos
Fedhas
Kikubaaqudgha
Makhleb
Okawaru
Qazlal
Uskayaw
Vehumet
Wu Jian
Yredelemnul

Shops:
D:4 }[?(   D:5 =   D:6 %

Annotations:
D:7 Harold


Innate Abilities, Weirdness & Mutations

You reflexively headbutt those who attack you in melee.
You have a pair of horns on your head.


Message History

* * * LOW HITPOINT WARNING * * *
You hit Menkaure.
Menkaure is moderately damaged.
Menkaure barely misses you. You furiously retaliate!
You headbutt Menkaure! Harold hits you but does no damage.
You slash Menkaure!
You destroy Menkaure!
Trog accepts your kill.
Trog appreciates your killing of a magic user.
You have reached level 9!
Your experience leads to an increase in your attributes!
Your base attributes are Str 23, Int 4, Dex 11.
Increase (S)trength, (I)ntelligence, or (D)exterity?
You feel stronger. Harold hits you with a +0 war axe.
* * * LOW HITPOINT WARNING * * *
Your shield and chain mail prevent you from hitting Harold.
Harold is heavily wounded.
Harold hits you with a +0 war axe!
You die...

.#.........
.........
####.......##
............#
..........#
#........#
#.......##
#...@....#
#...@...$#
##.......#
#......##
#......#
#..?...#
#......#
#......#


You could see Harold.

Vanquished Creatures
  Menkaure (D:7)
  An orc warrior (D:6)
  2 black bears (D:6)
  A phantom (D:4)
  2 ogres
  3 centaurs
  A bullfrog (D:6)
  A gnoll sergeant (D:5)
  A crimson imp (D:5)
  A bullfrog zombie (D:5)
  A centaur zombie (D:4)
  A bullfrog skeleton (D:4)
  2 hounds
  3 orc priests
  2 iguanas
  4 orc wizards
  2 centaur skeletons (D:5)
  6 worker ants
  Robin (D:2)
  8 adders
  7 gnolls
  2 oozes
  2 adder skeletons
  2 worms
  2 dart slugs (D:2)
  3 leopard geckos
  15 orcs
  5 ball pythons
  6 giant cockroaches
  30 goblins
  20 hobgoblins
  8 jackals
  4 quokkas
  9 bats
  7 frilled lizards
  9 kobolds
  A leopard gecko skeleton (D:4)
  A quokka skeleton (D:4)
  A quokka zombie (D:6)
  11 rats
189 creatures vanquished.

Vanquished Creatures (others)
  A ball python (D:4)
1 creature vanquished.

Grand Total: 190 creatures vanquished

Notes
Turn   | Place    | Note
-------+----------+-------------------------------------------
     0 | D:1      | Blackhawk the Minotaur Berserker began the quest for the
                  | Orb.
     0 | D:1      | Reached XP level 1. HP: 19/19 MP: 0/0
   345 | D:1      | Reached XP level 2. HP: 25/27 MP: 1/1
   875 | D:1      | Reached ** piety under Trog
   911 | D:1      | Reached XP level 3. HP: 33/33 MP: 2/2
  1920 | D:2      | Reached XP level 4. HP: 39/41 MP: 3/3
  2434 | D:2      | Noticed Robin
  2442 | D:2      | Killed Robin
  2442 | D:2      | Reached *** piety under Trog
  2444 | D:2      | Reached XP level 5. HP: 47/47 MP: 4/4
  2916 | D:3      | Found a radiant altar of Vehumet.
  2925 | D:3      | Found a hide-covered altar of Uskayaw.
  3167 | D:3      | Found a blossoming altar of Fedhas.
  3274 | D:3      | Reached skill level 5 in Fighting
  3475 | D:4      | Found Niotoot's Armour Boutique.
  3481 | D:4      | Reached skill level 5 in Axes
  3484 | D:4      | Reached **** piety under Trog
  3488 | D:4      | Reached XP level 6. HP: 43/56 MP: 5/5
  3838 | D:4      | Found a basalt altar of Yredelemnul.
  4293 | D:4      | Found Wuqoos's Magic Scroll Shop.
  4300 | D:4      | Bought a scroll of remove curse for 36 gold pieces
  4300 | D:4      | Bought a scroll of identify for 24 gold pieces
  4321 | D:4      | Found Uloceatu's Gadget Boutique.
  4460 | D:4      | Found Hihog's Weapon Shop.
  4518 | D:4      | Reached skill level 5 in Armour
  4518 | D:4      | Reached XP level 7. HP: 31/62 MP: 6/6
  5109 | D:5      | Entered Level 5 of the Dungeon
  5157 | D:5      | Reached skill level 5 in Dodging
  5364 | D:5      | Found a staircase to the Ecumenical Temple.
  5379 | D:5      | Found a stormy altar of Qazlal.
  5437 | D:5      | Found a basalt altar of Yredelemnul.
  5630 | D:5      | Found Irhoeqod's Jewellery Emporium.
  5693 | D:5      | Reached ***** piety under Trog
  5754 | D:5      | Reached XP level 8. HP: 71/71 MP: 7/7
  5783 | D:5      | Found an iron altar of Okawaru.
  5783 | D:5      | Found a shattered altar of Ashenzari.
  6365 | D:6      | Found a shadowy altar of Dithmenos.
  6514 | D:6      | Found Modecehe's Food Boutique.
  6683 | D:6      | Found an ornate altar of the Wu Jian Council.
  6689 | D:6      | Found an ancient bone altar of Kikubaaqudgha.
  7128 | D:6      | Found a burning altar of Makhleb.
  7168 | D:7      | Noticed Menkaure
  7168 | D:7      | Noticed Harold
  7179 | D:7      | Killed Menkaure
  7179 | D:7      | Reached XP level 9. HP: 10/81 MP: 8/8
  7180 | D:7      | Slain by Harold

Vault maps used:
D:1:      matt_arrival_los_fun, minivault_11, hex_medium
D:2:      minmay_joined_circles, uniq_robin
D:3:      grunt_temple_overflow_open, fedhas_altar_1, first_ration,
          hangedman_decor_opposing
D:4:      cheibrodos_greedy_goblins, yredelemnul_altar_generic, serial_shops,
          nicolae_shop_trees, shop, shop_fountains, nicolae_shop_behind_doors,
          kennysheep_opposing_triangles
D:5:      gammafunk_temple_overflow_wave, minmay_temple_entry_purple_smoke,
          basic_altar, serial_shops, kennysheep_little_box,
          grunt_qazlal_sundering
D:6:      cheibrodos_iron_armory, lemuel_coloured_pillars_altar, minitemple,
          serial_shops, shop, nicolae_dithmenos_the_darkroom
D:7:      uniq_menkaure, uniq_harold

Skill      XL: |  1  2  3  4  5  6  7  8 |
---------------+-------------------------+-----
Axes           | 4 5 6 7 |  7.9
Fighting       | 4 5 6 7 |  7.9
Armour         | 3 4 5 6 7 |  7.4
Dodging        | 3 4 5 6 |  6.7

Action                   |  1- 3 |  4- 6 |  7- 9 || total
-------------------------+-------+-------+-------++-------
Melee: Hand axe          |    94 |   171 |   212 ||   477
       Headbutt          |     8 |    35 |    54 ||    97
       Long sword        |       |       |     4 ||     4
Invok: Berserk           |     3 |     4 |     4 ||    11
  Use: Scroll            |       |       |     9 ||     9
  Eat: Chunk             |     6 |     9 |    11 ||    26
       Ration            |       |     1 |       ||     1
Armor: Animal skin       |    11 |     1 |       ||    12
       Chain mail        |       |    65 |    92 ||   157
Dodge: Dodged            |    41 |    48 |    54 ||   143
       Deflected         |       |     1 |     3 ||     4
Block: Shield            |    26 |    47 |    81 ||   154

Table legend:
 A = Non-vault XP
 B = Vault XP
 C = Vault XP percentage of total XP
 D = Non-vault monster count
 E = Vault monster count
 F = Vault count percentage of total count
                 A         B        C        D         E       F
            +---------+---------+-------+---------+---------+-------
      Total |    2512 |     310 |  11.0 |     149 |      40 |  21.2
            +---------+---------+-------+---------+---------+-------
        D:1 |      47 |       0 |   0.0 |      29 |       0 |   0.0
        D:2 |      98 |      80 |  44.9 |      29 |      26 |  47.3
        D:3 |      95 |       0 |   0.0 |      27 |       0 |   0.0
        D:4 |     496 |      65 |  11.6 |      13 |      13 |  50.0
        D:5 |     619 |       0 |   0.0 |      22 |       0 |   0.0
        D:6 |    1157 |       0 |   0.0 |      29 |       0 |   0.0
        D:7 |       0 |     165 | 100.0 |       0 |       1 | 100.0
            +---------+---------+-------+---------+---------+-------
